 Dungeon Crawl Stone Soup version 0.25-a0-1136-gc1285e62ab (webtiles) character file.

Game seed: 5875701540513775075, levelgen mode: deterministic

14 BreadTh the Sneak (level 2, 11/11 HPs)
             Began as a Felid Venom Mage on May 23, 2020.
             Quit the game on level 1 of the Dungeon.
             The game lasted 00:02:47 (423 turns).

BreadTh the Sneak (Felid Venom Mage)                 Turns: 423, Time: 00:02:48

Health: 11/11      AC:  1    Str:  4    XL:     2   Next: 27%
Magic:  3/6        EV: 18    Int: 16    God:
Gold:   18         SH:  0    Dex: 16    Spells: 4/5 levels left
                                        Lives:  0   Deaths: 0

rFire    . . .     SeeInvis +   (weapon unavailable)
rCold    . . .     Gourm    .   (shield unavailable)
rNeg     . . .     Faith    .   (armour unavailable)
rPois    .         Spirit   .   (helmet unavailable)
rElec    .         Reflect  .   (cloak unavailable)
rCorr    .         Harm     .   (gloves unavailable)
MR       .....                  (boots unavailable)
Stlth    +++.......             (no amulet)
HPRegen  0.03/turn              (no ring)
MPRegen  0.10/turn              (no ring)

@: very slightly contaminated, quick
A: very small, no armour, no weapons or thrown items, stealth, claws 1, fangs 3,
see invisible, carnivore, speed 1, shaggy fur 1, slow metabolism 1, sharp paws
a: no special abilities


You were on level 1 of the Dungeon.
You were very full.

You visited 1 branch of the dungeon, and saw 1 of its levels.

You collected 18 gold pieces.

Inventory:

Scrolls
 a - a scroll of teleportation {unknown}
Potions
 c - a potion of ambrosia {unknown}
 d - a potion of haste {unknown}
Comestibles
 b - a ration


   Skills:
 + Level 2.9 Dodging
 - Level 3.0 Stealth
 * Level 2.3 Spellcasting
 + Level 1.5 Transmutations
 + Level 2.7 Poison Magic


You had 4 spell levels left.
You knew the following spells:

 Your Spells              Type           Power        Failure   Level  Hunger
a - Sting                 Tmut/Pois      #...         9%          1    #......

Your spell library contained the following spells:

 Spells                   Type           Power        Failure   Level  Hunger
 Poisonous Vapours        Pois/Air       #.....       17%         2    ###....
 Ignite Poison            Fire/Tmut/Pois #.......     32%         3    ###....
 Mephitic Cloud           Conj/Pois/Air  #.......     38%         3    ###....
 Olgreb's Toxic Radiance  Pois           ##......     54%         4    #####..


Dungeon Overview and Level Annotations

Branches:
Dungeon (1/15)

Altars:


Innate Abilities, Weirdness & Mutations

You cannot wear armour.
You are incapable of wielding weapons or throwing items.
Your paws allow you to move quietly. (Stealth)
You have sharp claws.
You have razor-sharp teeth.
You have supernaturally acute eyesight. (SInv)
You are carnivorous and can eat meat at any time.
You cover ground quickly.
You are covered in fur. (AC +1)
You have a slow metabolism.
Your sharp claws are effective at attacking unaware monsters.


Message History

Aim: a hobgoblin, wielding a +0 club You miscast Sting.
You are very lightly contaminated with residual magic.
Nothing appears to happen.
The hobgoblin barely misses you.
Casting: Sting (safe; 9% risk of failure)
Confirm with . or Enter, or press ? or * to list all spells.
Aiming: Sting (safe; 9% risk of failure)
Press: ? - help, Shift-Dir - straight line, f/p - hobgoblin
Aim: a hobgoblin, wielding a +0 club The sting hits the hobgoblin.
The hobgoblin is poisoned.
The hobgoblin is severely wounded.
You closely miss the hobgoblin.
The hobgoblin is almost dead.
The hobgoblin misses you.
You closely miss the hobgoblin.
The hobgoblin is almost dead.
You kill the hobgoblin!
Training target 3.0 for Stealth reached!
Your Stealth skill increases to level 3!
Are you sure you want to abandon this character and quit the game? (Confirm with "yes".)

.. ##.## ######.....[....
##### #...............
#...g ##...............
#.... #................
#.... #..............).
#....####....#####.......
#.....))@...#....#.......
#...........#...)#.......
#........................
+.......................÷
#....#######.............
##### #.............
+.....÷.......
#.......###.#. #.......#
#.#.


There were no monsters in sight!

Vanquished Creatures
  2 hobgoblins (D:1)
  5 bats (D:1)
  A frilled lizard (D:1)
  3 goblins (D:1)
  A kobold (D:1)
  2 rats (D:1)
14 creatures vanquished.

Notes
Turn   | Place    | Note
-------+----------+-------------------------------------------
     0 | D:1      | BreadTh the Felid Venom Mage began the quest for the Orb.
     0 | D:1      | Reached XP level 1. HP: 7/7 MP: 4/4
   220 | D:1      | Reached XP level 2. HP: 9/11 MP: 1/6
   422 | D:1      | Reached skill level 3 in Stealth
   423 | D:1      | Quit the game

Illustrated notes

Levels and vault maps discovered:
D:1:      dpeg_arrival_three_same_balls, layout_basic

Skill      XL: |  1  2 |
---------------+-------+-----
Stealth        | 3 |  3.0
Dodging        | |  2.9
Spellcasting   | |  2.3
Transmutations | |  1.5
Poison Magic   | |  2.7

Action                   || total
-------------------------++-------
Melee: Unarmed           ||     5
 Cast: Sting             ||    18
  Eat: Chunk             ||     5
Dodge: Dodged            ||    24

Table legend:
 A = Non-vault XP
 B = Vault XP
 C = Vault XP percentage of total XP
 D = Non-vault monster count
 E = Vault monster count
 F = Vault count percentage of total count
                 A         B        C        D         E       F
            +---------+---------+-------+---------+---------+-------
      Total |      20 |       0 |   0.0 |      14 |       0 |   0.0
            +---------+---------+-------+---------+---------+-------
        D:1 |      20 |       0 |   0.0 |      14 |       0 |   0.0
            +---------+---------+-------+---------+---------+-------
